 Dungeon Crawl Stone Soup version 0.30.1-11-g7821555f0a (webtiles) character file.

Game seed: 6829349913466531065

111 bnorton916 the Magician (level 4, -4/24 HPs)
             Began as a Deep Elf Fire Elementalist on Nov 27, 2023.
             Slain by Pikel
             ... wielding a +0 whip of flaming
              (5 damage)
             ... on level 3 of the Dungeon.
             The game lasted 00:03:40 (3975 turns).

bnorton916 the Magician (DEFE)                      Turns: 3975, Time: 00:03:42

Health: -4/24      AC:  3    Str:  5    XL:     4   Next: 62%
Magic:  7/12       EV: 12    Int: 22    God:
Gold:   267        SH:  0    Dex: 15    Spells: 5/11 levels left

rFire   . . .        (no weapon)
rCold   . . .        (no shield)
rNeg    . . .        a - +0 robe
rPois   +            c - +0 helmet
rElec   .            (no cloak)
rCorr   .            (no gloves)
SInv    .            (no boots)
Will    .....        r - amulet of the acrobat
Stlth   ++           d - ring of poison resistance
HPRegen 0.24/turn    (no ring)
MPRegen 0.13/turn

%: acrobat
@: no status effects
A: no striking features
a: no special abilities


You were on level 3 of the Dungeon.
You visited 1 branch of the dungeon, and saw 4 of its levels.

You collected 267 gold pieces.

Inventory:

Hand Weapons
 k - the +4 shortbow of the Horn {heavy, Fly Str-5 Dex+7}
   (You found it on level 2 of the Dungeon)

   Str:       It affects your strength (-5).
   Dex:       It affects your dexterity (+7).
   Fly:       It grants you flight.
Missiles
 h - 15 poisoned darts
 n - a throwing net
 p - 9 javelins
Armour
 a - a +0 robe (worn)
 c - a +0 helmet (worn)
Jewellery
 d - a ring of poison resistance (left hand)
 r - an amulet of the acrobat (around neck)
Scrolls
 e - 2 scrolls of identify
 f - a scroll of enchant weapon {unknown}
 i - a scroll of fear
 j - a scroll of brand weapon {unknown}
 l - a scroll of blinking {unknown}
 o - a scroll of amnesia {unknown}
Potions
 b - a potion of magic
 g - 3 potions of attraction {unknown}
 m - 2 potions of curing {unknown}
 q - a potion of lignification {unknown}


   Skills:
 - Level 2.4 Dodging
 - Level 2.4 Stealth
 + Level 4.4 Spellcasting
 + Level 2.7 Conjurations
 + Level 4.2 Fire Magic
 + Level 1.2 Earth Magic


You had 5 spell levels left.
You knew the following spells:

 Your Spells              Type           Power      Damage    Failure   Level
a - Foxfire               Conj/Fire      80%        2x1d8     2%          1
b - Scorch                Fire           46%        2d6       2%          2
c - Stone Arrow           Conj/Erth      26%        3d8       14%         3

Your spell library contained the following spells:

 Spells                   Type           Power      Damage    Failure   Level
 Sandblast                Erth           20%        2d7       7%          1
 Passwall                 Tmut/Erth      5%         N/A       13%         2
 Inner Flame              Hex/Fire       14%        N/A       14%         3
 Volatile Blastmotes      Fire/Tloc      28%        2d12      14%         3
 Flame Wave               Conj/Fire      20%        2d7       26%         4


Dungeon Overview and Level Annotations

Branches:
Dungeon (4/15)
 Temple: D:4-7

Altars:

Annotations:
D:3 Pikel


Message History

You climb downwards.
You hear the sound of rushing water.
There is an entrance to a sewer on this level.
Hurry and find it before the portal rusts away!
The lemure shouts! x3; Pikel shouts!
Found a stone staircase leading down.
There is a stone staircase leading up here.
Casting: Foxfire (safe; 2% risk of failure)
Confirm with . or Enter, or press ? or * to list all spells.
The spell is quite dangerous to miscast (14% risk of failure)!
Continue anyway? [Y]es or [N]o only, please.
The spell is quite dangerous to miscast (14% risk of failure)!
Continue anyway?
Aiming: Stone Arrow (quite dangerous; 14% risk of failure)
Press: ? - help, Shift-Dir - straight line, f - Pikel
Aim: Pikel, wielding a +0 whip of flaming, wearing a +0 robe and carrying a wand of polymorph (11) (60% to hit)
The stone arrow hits Pikel!
Pikel is moderately wounded.
Casting: Stone Arrow (quite dangerous; 14% risk of failure)
Confirm with . or Enter, or press ? or * to list all spells.
Okay, then.
Casting: Stone Arrow (quite dangerous; 14% risk of failure)
Confirm with . or Enter, or press ? or * to list all spells.
Flames lash the lemure.
The lemure is lightly wounded.
The lemure's fire resistance burns away.
The lemure hits you.
Unknown command.
The lemure hits you but does no damage.
Pikel hits you with a +0 whip of flaming.
Pikel burns you.
You climb upwards.
There is a stone staircase leading down here.
As you read the scroll labelled VICZIWKEYTI, it crumbles to dust.
It is a scroll of identify.
i - a scroll of fear The lemure is no longer more vulnerable to fire.
The lemure hits you.
Pikel hits you with a +0 whip of flaming!
* * * LOW HITPOINT WARNING * * *
Pikel burns you.
You die...

#.# #.# #.# #.#
#.# #.# #.# #.#
#.# ##.#### #.#
#.)...# #.#
#.....#
#.#######....)####
..............5K@#
#.#######.....##5#
#.# ########.# #.#
#.# #.# #.# #.#
#.# #.# #.# #.#
#.# #.# #.#


You could see Pikel and 2 lemures.

Vanquished Creatures
  3 gnolls (D:3)
  2 adders
  A worm (D:3)
  A dart slug (D:2)
  2 orcs (D:3)
  5 endoplasms
  4 giant cockroaches
  2 goblins (D:2)
  7 hobgoblins
  3 kobolds
  4 quokkas
  6 ball pythons
  11 bats
  2 frilled lizards
  2 rats
55 creatures vanquished.

Vanquished Creatures (collateral kills)
  6 foxfires (D:1)
6 creatures vanquished.

Vanquished Creatures (others)
  269 foxfires
269 creatures vanquished.

Grand Total: 330 creatures vanquished

Notes
Turn   | Place    | Note
-------+----------+-------------------------------------------
     0 | D:1      | bnorton916 the Deep Elf Fire Elementalist began the quest
                  | for the Orb.
     0 | D:1      | Reached XP level 1. HP: 10/10 MP: 6/6
   449 | D:1      | Reached XP level 2. HP: 15/15 MP: 5/8
  1450 | D:2      | Reached XP level 3. HP: 17/19 MP: 5/10
  1564 | D:2      | Identified the +4 shortbow of the Horn {heavy, Fly Str-5
                  | Dex+7}
  1898 | D:2      | Learned a level 2 spell: Scorch
  1902 | D:2      | Learned a level 3 spell: Stone Arrow
  2812 | D:3      | Reached XP level 4. HP: 24/24 MP: 10/12
  2957 | D:3      | Reached skill level 1 in Earth Magic
  3969 | D:4      | Noticed Pikel
  3969 | D:4      | Noticed a lemure
  3969 | D:4      | Noticed a lemure
  3969 | D:4      | Noticed a lemure
  3969 | D:4      | Noticed a lemure
  3975 | D:3      | HP: 1/24 [Pikel/+0 whip of flaming (10)]
  3975 | D:3      | Slain by Pikel

Illustrated notes

Levels and vault maps discovered:
D:1:      beargit_arrival_diablo_church, layout_basic, serial_glass,
          glass_columns_b, glass_columns_c, glass_columns_a, glass_columns_c,
          glass_columns_a, item_on_display_a, feat_on_display,
          item_on_display_a, due_unseen_surprise, minmay_gold_behind_fungi
D:2:      layout_basic
D:3:      layout_basic
D:4:      layout_cave_pods, minmay_temple_entry_grid,
          cheibrodos_sewer_entry_bend, uniq_pikel

Skill      XL: |  1  2  3  4 |
---------------+-------------+-----
Conjurations   | 2 |  2.7
Spellcasting   | 4 |  4.4
Fire Magic     | 4 |  4.2
Earth Magic    | 1 |  1.2
Dodging        | |  2.4
Stealth        | |  2.4

Action                     |  1- 3 |  4- 6 || total
---------------------------+-------+-------++-------
   Cast: Foxfire           |   137 |    30 ||   167
         Scorch            |     4 |    11 ||    15
         Stone Arrow       |       |     1 ||     1
    Use: Scroll            |       |     1 ||     1
 Armour: Robe              |     3 |     1 ||     4
  Dodge: Dodged            |     2 |     8 ||    10
